 Dungeon Crawl Stone Soup version 0.23-a0-489-g205b0b6 (webtiles) character file.

455 Espgualade the Skirmisher (level 7, -4/44 HPs)
             Began as a Tengu Ice Elementalist on Dec 1, 2018.
             Killed from afar by Ijyb (13 damage)
             ... with a wand of acid (12)
             ... on level 4 of the Dungeon.
             The game lasted 00:10:57 (4502 turns).

Espgualade the Skirmisher (Tengu Ice Elementalist)  Turns: 4502, Time: 00:10:58

Health: -4/44      AC: -2    Str: 13    XL:     7   Next: 5%
Magic:  4/11       EV: 14    Int: 18    God:
Gold:   131        SH:  0    Dex: 14    Spells: 4/10 levels left

rFire    . . .     SeeInvis .   g - +1 dagger (speed)
rCold    . . .     Gourm    .   (no shield)
rNeg     . . .     Faith    .   a - +0 robe
rPois    .         Spirit   .   q - +0 hat
rElec    .         Reflect  .   (no cloak)
rCorr    .         Harm     .   (no gloves)
MR       .....                  (boots unavailable)
Stlth    ++........             (no amulet)
HPRegen  0.14/turn              (no ring)
MPRegen  0.12/turn              (no ring)

@: mighty, corroded
A: beak, talons 3, able to fly 1
a: Fly


You were on level 4 of the Dungeon.
You were hungry.

You visited 1 branch of the dungeon, and saw 4 of its levels.

You collected 131 gold pieces.

Inventory:

Hand Weapons
 g - a +1 dagger of speed (weapon)
Armour
 a - a +0 robe (worn)
 o - a +2 buckler
 q - a +0 hat (worn)
Magical Staves
 l - an uncursed staff of air {unknown}
Jewellery
 h - an uncursed amulet of guardian spirit {unknown}
 r - a cursed ring of teleportation {unknown}
Scrolls
 b - 3 scrolls of identify
 d - 3 scrolls of teleportation
 e - a scroll of amnesia {unknown}
 k - a scroll of remove curse
 m - a scroll of immolation {unknown}
 n - a scroll of blinking {unknown}
 t - a scroll of fog {unknown}
Potions
 f - a potion of might
 i - 2 potions of heal wounds {unknown}
 j - a potion of curing {unknown}
 p - 2 potions of flight {unknown}
 s - a potion of brilliance {unknown}
Comestibles
 c - 6 rations


   Skills:
 - Level 5.4 Fighting
 + Level 3.9 Dodging
 + Level 3.8 Stealth
 - Level 2.0 Spellcasting
 - Level 1.3 Conjurations
 - Level 2.6 Ice Magic


You had 4 spell levels left.
You knew the following spells:

 Your Spells              Type           Power        Failure   Level  Hunger
a - Freeze                Ice            ##..         6%          1    #......
b - Throw Frost           Conj/Ice       #.....       12%         2    ###....
c - Ozocubu's Armour      Chrm/Ice       #.......     30%         3    ###....

Your spell library contained the following spells:

 Spells                   Type           Power        Failure   Level  Hunger
 Animate Skeleton         Necr           N/A          19%         1    #......
 Apportation              Tloc           #.....       19%         1    #......
 Confusing Touch          Hex            #.....       19%         1    #......
 Summon Small Mammal      Summ           #...         19%         1    #......
 Throw Icicle             Conj/Ice       #.......     61%         4    #####..
 Summon Ice Beast         Ice/Summ       #.......     71%         4    #####..


Dungeon Overview and Level Annotations

Branches:
Dungeon (4/15)
 Temple: D:4-7

Altars:
Okawaru
Ru

Annotations:
D:4 1 exclusion, Ijyb


Innate Abilities, Weirdness & Mutations

You have a beak for a mouth.
You have claws for feet.
You can fly.


Message History

Confirm with . or Enter, or press ? or * to list all spells.
Aiming: Freeze (safe; 6% risk of failure)
Press: ? - help, Shift-Dir - straight line, f/p - Ijyb
Aim: Ijyb, wearing a +0 leather armour and carrying a wand of acid (13)
You freeze Ijyb.
Ijyb is moderately wounded.
Ijyb barely misses you.
Casting: Freeze (safe; 6% risk of failure)
Confirm with . or Enter, or press ? or * to list all spells.
Aiming: Freeze (safe; 6% risk of failure)
Press: ? - help, Shift-Dir - straight line, f/p - Ijyb
Aim: Ijyb, wearing a +0 leather armour and carrying a wand of acid (13)
You freeze Ijyb.
Ijyb is moderately wounded.
Ijyb zaps a wand.
The bolt of acid hits you! The acid corrodes you!
You are splashed with acid!
The acid burns!
* * * LOW HITPOINT WARNING * * *
You feel very mighty all of a sudden.
Ijyb zaps a wand.
The bolt of acid hits you!
You die...

# #.. #.##.........#
#.#.####.....#......#
#.#......##..#.##.###
#..(.....##..#.##.#
###......##.......#
####....#..#..#....
#.......#..#..#.###
##.#....#..#.##.#
#@#....#....# .#
#...'g.#..........
#...####........>.
### #.###.....# #..
...# ## ##


You could see Ijyb.

Vanquished Creatures
  A centaur (D:4)
  A scorpion (D:4)
  2 howler monkeys (D:4)
  A bullfrog skeleton (D:4)
  Jessica (D:2)
  2 worker ants (D:4)
  5 adders
  2 worms
  2 dart slugs (D:1)
  3 leopard geckos
  8 orcs
  A ball python (D:2)
  6 bats
  6 giant cockroaches
  7 goblins
  6 hobgoblins
  9 jackals
  7 kobolds
  2 quokkas
  3 frilled lizards
  10 rats
85 creatures vanquished.

Notes
Turn   | Place    | Note
-------+----------+-------------------------------------------
     0 | D:1      | Espgualade the Tengu Ice Elementalist began the quest for
                  | the Orb.
     0 | D:1      | Reached XP level 1. HP: 10/10 MP: 4/4
    62 | D:1      | Reached skill level 1 in Fighting
   265 | D:1      | Reached XP level 2. HP: 11/16 MP: 3/6
   460 | D:1      | Reached skill level 2 in Fighting
   855 | D:1      | Reached XP level 3. HP: 22/22 MP: 7/7
  1360 | D:2      | Reached skill level 3 in Fighting
  1457 | D:2      | Reached XP level 4. HP: 28/28 MP: 8/8
  1674 | D:2      | Learned a level 2 spell: Throw Frost
  1678 | D:2      | Learned a level 3 spell: Ozocubu's Armour
  1949 | D:2      | Noticed Jessica
  1973 | D:2      | Killed Jessica
  1973 | D:2      | Reached skill level 4 in Fighting
  2294 | D:2      | Found a sacrificial altar of Ru.
  2503 | D:3      | Gained mutation: You can fly. [Tengu growth]
  2503 | D:3      | Reached XP level 5. HP: 17/34 MP: 3/9
  2960 | D:3      | Found an iron altar of Okawaru.
  3748 | D:4      | Reached skill level 5 in Fighting
  3865 | D:4      | Reached XP level 6. HP: 33/40 MP: 8/10
  4496 | D:4      | Noticed Ijyb
  4497 | D:4      | Reached XP level 7. HP: 42/44 MP: 6/11
  4502 | D:4      | Killed from afar by Ijyb

Vault maps used:
D:1:      roderic_chinese_lattice_arrival
D:2:      kennysheep_big_flooded_room, marbit_many_paths, minmay_tripent,
          uniq_jessica
D:3:      lemuel_coloured_pillars_altar, first_ration, glass_columns_c,
          minmay_misc_feat_nine_boxes
D:4:      minmay_small_thing, uniq_ijyb

Skill      XL: |  1  2  3  4  5  6 |
---------------+-------------------+-----
Fighting       | 1 2 3 4 5 |  5.4
Dodging        | 3 |  3.9
Stealth        | 3 |  3.8
Spellcasting   | |  2.0
Conjurations   | |  1.3
Ice Magic      | |  2.6

Action                   |  1- 3 |  4- 6 |  7- 9 || total
-------------------------+-------+-------+-------++-------
Melee: Unarmed           |    29 |       |       ||    29
       Peck              |    12 |    22 |       ||    34
       Kick              |    16 |    37 |       ||    53
       Dagger            |    33 |   187 |       ||   220
       Mace              |     8 |       |       ||     8
 Cast: Freeze            |    20 |    30 |     4 ||    54
       Ozocubu's Armour  |       |     4 |       ||     4
  Use: Scroll            |       |     3 |       ||     3
       Potion            |       |       |     1 ||     1
 Stab: Sleeping          |     2 |     9 |       ||    11
       Distracted        |       |     1 |       ||     1
  Eat: Chunk             |     2 |    10 |       ||    12
Armor: Robe              |    13 |    18 |       ||    31
Dodge: Dodged            |    55 |    85 |     2 ||   142

Table legend:
 A = Non-vault XP
 B = Vault XP
 C = Vault XP percentage of total XP
 D = Non-vault monster count
 E = Vault monster count
 F = Vault count percentage of total count
                 A         B        C        D         E       F
            +---------+---------+-------+---------+---------+-------
      Total |     591 |      60 |   9.2 |      79 |       6 |   7.1
            +---------+---------+-------+---------+---------+-------
        D:1 |      34 |       0 |   0.0 |      17 |       0 |   0.0
        D:2 |      68 |      60 |  46.9 |      20 |       6 |  23.1
        D:3 |      66 |       0 |   0.0 |      32 |       0 |   0.0
        D:4 |     423 |       0 |   0.0 |      10 |       0 |   0.0
            +---------+---------+-------+---------+---------+-------
